 Dungeon Crawl Stone Soup version 0.23.2-33-g5129a83 (webtiles) character file.

Game seed: 4688785289262519361

211 Fortress the Firebug (level 5, -1/49 HPs)
             Began as an Ogre Fire Elementalist on Aug 6, 2019.
             Killed from afar by an orc wizard (6 damage)
             ... with a puff of flame
             ... on level 3 of the Dungeon.
             The game lasted 00:07:12 (1681 turns).

Fortress the Firebug (Ogre Fire Elementalist)       Turns: 1681, Time: 00:07:12

Health: -1/49      AC:  3    Str: 12    XL:     5   Next: 88%
Magic:  0/10       EV: 10    Int: 17    God:
Gold:   95         SH:  0    Dex:  9    Spells: 10/11 levels left

rFire    . . .     SeeInvis .   g - +0 short sword (drain)
rCold    . . .     Gourm    .   (no shield)
rNeg     . . .     Faith    .   a - +0 robe
rPois    .         Spirit   .   (helmet restricted)
rElec    .         Reflect  .   (no cloak)
rCorr    .         Harm     .   (gloves unavailable)
MR       .....                  (boots unavailable)
Stlth    ++........             (no amulet)
HPRegen  0.16/turn              (no ring)
MPRegen  0.12/turn              (no ring)

@: no status effects
A: large, unfitting armour, tough skin 1
a: no special abilities


You were on level 3 of the Dungeon.
You were not hungry.

You visited 1 branch of the dungeon, and saw 3 of its levels.

You collected 95 gold pieces.

Inventory:

Hand Weapons
 e - a +0 hand axe
 g - a +0 short sword of draining (weapon)
Armour
 a - a +0 robe (worn)
Scrolls
 b - a scroll of amnesia {unknown}
 d - a scroll of immolation {unknown}
 f - 2 scrolls of identify {unknown}
 h - a scroll of fear {unknown}
 i - 2 scrolls of enchant armour {unknown}
 l - a scroll of remove curse {unknown}
Potions
 j - a potion of haste {unknown}
 k - a potion of heal wounds {unknown}
 n - a potion of might {unknown}
Comestibles
 c - 3 rations


   Skills:
 + Level 2.0 Fighting
 - Level 2.0 Dodging
 + Level 1.8 Stealth
 + Level 3.8 Spellcasting
 + Level 2.3 Conjurations
 + Level 4.0 Fire Magic


You had 10 spell levels left.
You knew the following spells:

 Your Spells              Type           Power        Failure   Level  Hunger
a - Flame Tongue          Conj/Fire      ##...        4%          1    None

Your spell library contained the following spells:

 Spells                   Type           Power        Failure   Level  Hunger
 Throw Flame              Conj/Fire      ##....       7%          2    ##.....
 Conjure Flame            Conj/Fire      ##......     13%         3    ###....
 Inner Flame              Hex/Fire       ##......     22%         3    ###....
 Sticky Flame             Conj/Fire      ##......     41%         4    ####...
 Fireball                 Conj/Fire      ##........   77%         5    ######.


Dungeon Overview and Level Annotations

Branches:
Dungeon (3/15)

Altars:
Ru


Innate Abilities, Weirdness & Mutations

You are too large for most types of armour.
You have tough skin. (AC +1)


Message History

Casting: Flame Tongue (safe; 4% risk of failure)
Confirm with . or Enter, or press ? or * to list all spells.
Aiming: Flame Tongue (safe; 4% risk of failure)
Press: ? - help, Shift-Dir - straight line, f/p - orc priest
Aim: an orc priest, wielding a -2 mace (almost dead)
The flame tongue hits the orc priest.
You kill the orc priest!
Your Fighting skill increases to level 2!
Your Fire Magic skill increases to level 4!
Something hits you.
* * * LOW HITPOINT WARNING * * *
You closely miss something. Something hits you but does no damage.
You miss something. Something hits you but does no damage.
You closely miss something. Something hits you but does no damage.
You miss something. Something hits you but does no damage.
You miss something.
You hear some strange, mumbled words.
A puff of flame appears from out of thin air!
The puff of flame hits you.
You die...

...# ...# ######
$.###.....
.........
###.##...#
...##...#
..#.####)##...###.#
......{@..........#
.####[#####...####
#.........#
#.######..#
#.....)...#
#.#####.#######.# #
................# .
.###...###########
## ###
#...#.........#


There were no monsters in sight!

Vanquished Creatures
  A bullfrog (D:2)
  2 orc priests (D:3)
  Terence (D:2)
  3 adders
  A worm (D:2)
  A dart slug (D:2)
  3 orcs (D:3)
  2 giant cockroaches (D:2)
  4 goblins
  3 hobgoblins (D:1)
  6 kobolds
  2 quokkas (D:2)
  3 bats
  5 rats
37 creatures vanquished.

Notes
Turn   | Place    | Note
-------+----------+-------------------------------------------
     0 | D:1      | Fortress the Ogre Fire Elementalist began the quest for the
                  | Orb.
     0 | D:1      | Reached XP level 1. HP: 16/16 MP: 3/3
   232 | D:1      | Reached skill level 3 in Fire Magic
   293 | D:1      | Reached XP level 2. HP: 24/24 MP: 1/5
   607 | D:2      | Reached skill level 1 in Fighting
   617 | D:2      | Reached XP level 3. HP: 31/33 MP: 0/7
   908 | D:2      | Noticed a bullfrog
   913 | D:2      | Killed a bullfrog
   913 | D:2      | Reached skill level 1 in Conjurations
   913 | D:2      | Reached XP level 4. HP: 32/41 MP: 3/8
  1114 | D:2      | Noticed Terence
  1119 | D:2      | Killed Terence
  1119 | D:2      | Reached XP level 5. HP: 47/48 MP: 3/9
  1413 | D:2      | Found a sacrificial altar of Ru.
  1676 | D:3      | Reached skill level 4 in Fire Magic
  1681 | D:3      | Killed from afar by an orc wizard

Skill      XL: |  1  2  3  4  5 |
---------------+----------------+-----
Fire Magic     | 3 4 |  4.0
Fighting       | 1 2 |  2.0
Spellcasting   | 3 |  3.8
Conjurations   | 1 2 |  2.3
Dodging        | 2 |  2.0
Stealth        | |  1.8

Action                   |  1- 3 |  4- 6 || total
-------------------------+-------+-------++-------
Melee: Unarmed           |     5 |       ||     5
       Short sword       |     1 |    25 ||    26
 Cast: Flame Tongue      |    29 |    32 ||    61
  Eat: Chunk             |       |     2 ||     2
Armor: Robe              |     5 |     6 ||    11
Dodge: Dodged            |    16 |    17 ||    33
